 Dungeon Crawl Stone Soup version 0.19-a0-1672-g679cadd (webtiles) character file.

657 Ijustatesigmund the Conjurer (level 7, -5/39 HPs)
             Began as a Deep Elf Wizard on Sept 22, 2016.
             Shot with an arrow by a centaur (10 damage)
             ... on level 5 of the Dungeon.
             The game lasted 00:15:22 (3923 turns).

Ijustatesigmund the Conjurer (Deep Elf Wizard)      Turns: 3923, Time: 00:15:22

Health: -5/39      AC:  6    Str:  4    XL:     7   Next: 29%
Magic:  0/15       EV: 13    Int: 27    God:
Gold:   236        SH:  0    Dex: 14    Spells: 5 memorised, 3 levels left

rFire  + . .     SeeInvis .     n - +4 short sword
rCold  . . .     Gourm    .     a - +0 robe
rNeg   . . .     Faith    .     (no shield)
rPois  .         Spirit   .     b - +0 hat
rElec  .         Dismiss  .     g - +1 cloak
rCorr  .         Reflect  .     (no gloves)
MR     .....     Harm     .     f - +1 pair of boots
Stlth  ++........               (no amulet)
                                q - +3 ring of intelligence
                                i - ring of protection from fire

@: very slightly contaminated, repel missiles
A: no striking features
a: no special abilities


You were on level 5 of the Dungeon.
You were not hungry.

You visited 1 branch of the dungeon, and saw 5 of its levels.
You also visited: Ossuary.

You collected 236 gold pieces.

Inventory:

Hand Weapons
 n - a +4 short sword (weapon)
Armour
 a - a +0 robe (worn)
 b - a +0 hat (worn)
 e - a +1 buckler
 f - a +1 pair of boots (worn)
 g - a +1 cloak (worn)
Jewellery
 i - a ring of protection from fire (left hand)
 q - a +3 ring of intelligence (right hand)
Wands
 r - a wand of lightning (4/15)
 u - a wand of flame (25/48)
 v - a wand of lightning (9/15)
Scrolls
 j - 3 scrolls of amnesia
 s - 4 scrolls of remove curse
Books
 c - a book of Minor Magic

   Spells                             Type                      Level
   a - Magic Dart                     Conjuration                  1
   b - Blink                          Translocation                2
   c - Call Imp                       Summoning                    2
   d - Repel Missiles                 Charms/Air                   2
   e - Slow                           Hexes                        2
   f - Conjure Flame                  Conjuration/Fire             3
   g - Mephitic Cloud                 Conjuration/Poison/Air       3
Comestibles
 d - a bread ration
 o - a meat ration


   Skills:
 + Level 1.7 Fighting
 + Level 2.0 Short Blades
 - Level 2.4 Dodging
 - Level 2.4 Stealth
 - Level 4.4 Spellcasting
 - Level 5.1 Conjurations
   Level 1.1 Summonings
 - Level 3.7 Translocations
 + Level 2.4 Air Magic
 + Level 3.2 Poison Magic


You had 3 spell levels left.
You knew the following spells:

 Your Spells              Type           Power        Failure   Level  Hunger
a - Magic Dart            Conj           ####         1%          1    None
b - Blink                 Tloc           N/A          2%          2    None
c - Repel Missiles        Chrm/Air       ##....       10%         2    None
d - Mephitic Cloud        Conj/Pois/Air  ####....     6%          3    ##.....
e - Conjure Flame         Conj/Fire      ###.....     10%         3    ##.....


Dungeon Overview and Level Annotations

Branches:
Dungeon (5/15)             Temple (0/1) D:5

Altars:
Makhleb
Nemelex Xobeh
Uskayaw


Message History

You miscast Mephitic Cloud.
Strange energies run through your body.
The centaur shoots an arrow.
The arrow hits you!
The centaur shoots an arrow.
The arrow is repelled.
You aren't carrying any potions.
Unknown command.
The centaur shoots an arrow.
The arrow hits you!
* * * LOW HITPOINT WARNING * * *
You see here an arrow.
Casting: Mephitic Cloud
Confirm with . or Enter, or press ? or * to list all spells.
You blink.
The centaur shoots an arrow.
The arrow misses you.
The centaur shoots an arrow.
The arrow closely misses you.
Found 18 arrows.
The centaur shoots an arrow.
The arrow hits you.
* * * LOW HITPOINT WARNING * * *
There is a staircase to the Ecumenical Temple here.
You see here 3 arrows.
The centaur shoots an arrow.
The arrow closely misses you.
The centaur shoots an arrow.
The arrow hits you!
You die...

### ####(#####
##........
##..#..... ...>....
....... #..#..#
####..#.@# .
......#..###.#.
..................
..##.###............
.......(............
........(.#..#####..
..##.###.##..## . ..
.c..... .# ..#
##.##..# ....


You could see a centaur.

Vanquished Creatures
  Sigmund (D:5)
  An ogre (D:5)
  A bullfrog (D:3)
  A crimson imp (D:5)
  A hound (D:5)
  3 iron imps (D:3)
  An orc priest (D:4)
  2 orc wizards
  6 adders
  A worm (D:3)
  2 dart slugs
  4 leopard geckos
  4 orcs
  4 giant cockroaches
  7 hobgoblins
  3 jackals (D:5)
  3 kobolds
  A quokka (D:3)
  3 bats
  3 frilled lizards
  5 goblins
  A jackal zombie (Ossuary)
  An orc zombie (Ossuary)
  A quokka skeleton (D:5)
  4 rats
64 creatures vanquished.

Notes
Turn   | Place    | Note
-------+----------+-------------------------------------------
     0 | D:1      | Ijustatesigmund the Deep Elf Wizard began the quest for the Orb.
     0 | D:1      | Reached XP level 1. HP: 10/10 MP: 7/7
   123 | D:1      | Reached skill level 2 in Conjurations
   125 | D:1      | Reached XP level 2. HP: 15/15 MP: 1/9
   206 | D:1      | Learned a level 2 spell: Blink
   209 | D:1      | Learned a level 2 spell: Repel Missiles
   685 | D:2      | Found a sparkling altar of Nemelex Xobeh.
   748 | D:2      | Reached skill level 3 in Conjurations
   748 | D:2      | Reached XP level 3. HP: 19/19 MP: 6/10
   753 | D:2      | Learned a level 3 spell: Mephitic Cloud
   853 | D:2      | Noticed a dagger
   853 | D:2      | Noticed a hand axe
   857 | D:2      | Found a hide-covered altar of Uskayaw.
  1479 | D:3      | Noticed a bullfrog
  1483 | D:3      | Killed a bullfrog
  1483 | D:3      | Reached skill level 4 in Conjurations
  1483 | D:3      | Reached XP level 4. HP: 24/24 MP: 6/12
  1572 | D:3      | Found a burning altar of Makhleb.
  1603 | D:3      | Reached XP level 5. HP: 28/28 MP: 0/13
  2037 | D:3      | Learned a level 3 spell: Conjure Flame
  2132 | D:3      | Reached skill level 1 in Poison Magic
  2661 | D:4      | Reached skill level 5 in Conjurations
  2661 | D:4      | Reached XP level 6. HP: 32/32 MP: 6/14
  3088 | D:5      | Entered Level 5 of the Dungeon
  3114 | D:5      | Reached skill level 1 in Air Magic
  3213 | D:5      | Noticed Sigmund
  3248 | D:5      | Killed Sigmund
  3248 | D:5      | Reached skill level 1 in Fighting
  3248 | D:5      | Reached skill level 1 in Short Blades
  3248 | D:5      | Reached XP level 7. HP: 38/38 MP: 2/15
  3340 | D:5      | Found a sand-covered staircase.
  3349 | Ossuary  | Entered an ossuary
  3916 | D:5      | Found a staircase to the Ecumenical Temple.
  3923 | D:5      | Shot with an arrow by a centaur

Vault maps used:
D:1:      dpeg_arrival_stone_temple_mockup
D:2:      dancing_weapons_uskayaw, grunt_ministairs_4,
          nemelex_spade_bored_becter
D:3:      demons_altar
D:4:      kennysheep_cross_room
D:5:      chequers_ossuary_entry_cave, first_bread, uniq_sigmund
Ossuary:  ossuary_minmay_tomb_2a

Skill      XL: |  1  2  3  4  5  6  7 |
---------------+----------------------+-----
Conjurations   | 2 3 4 5 |  5.1
Translocations | 2 3 |  3.7
Poison Magic   | 1 2 3 |  3.2
Air Magic      | 2 |  2.4
Fighting       | 1 |  1.7
Short Blades   | 1 2 |  2.0
Dodging        | |  2.4
Stealth        | |  2.4
Spellcasting   | |  4.4
Summonings     | |  1.1

Action                   |  1- 3 |  4- 6 |  7- 9 || total
-------------------------+-------+-------+-------++-------
Melee: Short sword       |     8 |    29 |    28 ||    65
 Cast: Magic Dart        |    59 |    83 |    27 ||   169
       Repel Missiles    |     1 |       |       ||     1
       Mephitic Cloud    |       |     4 |     4 ||     8
       Blink             |       |     2 |     5 ||     7
  Use: Scroll            |     4 |     7 |       ||    11
       Potion            |       |     6 |     2 ||     8
 Stab: Sleeping          |     1 |     1 |       ||     2
       Confused          |       |     2 |       ||     2
  Eat: Chunk             |     1 |     4 |     1 ||     6
       Royal jelly       |       |     1 |     1 ||     2
Armor: Robe              |     1 |    16 |    18 ||    35
Dodge: Dodged            |     7 |    22 |    47 ||    76
       Deflected         |       |       |     1 ||     1
